[Event "ICC tourney 2028 (45 10)"]
[Site "Internet Chess Club"]
[Date "2020.10.03"]
[Round "3"]
[White "chaselea"]
[Black "Nedas15"]
[Result "1-0"]
[ICCResult "Black checkmated"]
[WhiteElo "657"]
[BlackElo "356"]
[Opening "Queen's pawn game"]
[ECO "D04"]
[NIC "QP.08"]
[Time "16:02:06"]
[TimeControl "2700+10"]

1. d4 d5 2. Nf3 Nf6 3. e3 Nc6 4. Bb5 a6 5. Be2 Bf5 6. Nc3 Nb4 7. Bd3 Bg4 8.
h3 Nxd3+ 9. cxd3 Bf5 10. O-O e6 11. Re1 g6 12. e4 dxe4 13. dxe4 Nxe4 14.
Nxe4 e5 15. Bg5 Be7 16. Bxe7 Qxe7 17. dxe5 Rd8 18. Qa4+ c6 19. Ng3 Bd7 20.
Qb3 Be6 21. Qc2 O-O 22. a3 Rd5 23. Rad1 Rc5 24. Qe4 Rc4 25. Rd4 Bd5 26. Qd3
Rc5 27. Qd2 Rb5 28. Rb4 Rc5 29. Rc1 a5 30. Rxc5 Qxc5 31. Rxb7 Rd8 32. Qg5
Re8 33. Ne2 Be4 34. Nc3 Bc2 35. Qe3 Qc4 36. Qd4 Qe6 37. Qc5 Qf5 38. Qb6 Rc8
39. Rb8 Rf8 40. Rxf8+ Kxf8 41. Qd8+ Kg7 42. Qf6+ Qxf6 43. exf6+ Kxf6 44. Nd4
Bf5 45. Nxc6 Bd7 46. Nxa5 Bc8 47. b4 Ke6 48. b5 Kd6 49. b6 Kd7 50. b7 Kc7
51. bxc8=Q+ Kxc8 52. Ne4 Kd7 53. Nc4 Ke6 54. a4 Kf5 55. a5 Ke6 56. a6 Kd7
57. a7 Kc8 58. a8=Q+ Kd7 59. Qa6 Kc7 60. g4 Kd7 61. Qd6+ Kc8 62. Qe7 Kb8 63.
Qd7 Ka8 64. Kf1 g5 65. Ke2 f5 66. gxf5 g4 67. hxg4 h5 68. gxh5 Kb8 69. h6
Ka8 70. h7 Kb8 71. h8=Q# {Black checkmated} 1-0

[Event "ICC tourney 2028 (45 10)"]
[Site "Internet Chess Club"]
[Date "2020.10.03"]
[Round "3"]
[White "dangdang2000"]
[Black "Kfprasanna"]
[Result "1-0"]
[ICCResult "Black resigns"]
[WhiteElo "1217"]
[BlackElo "1344"]
[Opening "Giuoco Pianissimo"]
[ECO "C50"]
[NIC "IG.02"]
[Time "16:02:12"]
[TimeControl "2700+10"]

1. e4 e5 2. Nf3 Nc6 3. Bc4 Bc5 4. d3 d6 5. c3 Nf6 6. O-O O-O 7. Nbd2 Be6 8.
Bxe6 fxe6 9. Qb3 Qc8 10. Re1 Ng4 11. Re2 a5 12. Nf1 a4 13. Qc2 Qe8 14. Be3
Bxe3 15. Nxe3 Nxe3 16. Rxe3 Qg6 17. Nh4 Qf6 18. Rh3 Rf7 19. Nf3 Raf8 20. Rf1
Qg6 21. Rg3 Qf6 22. Qxa4 Rb8 23. Ng5 Re7 24. Qd1 Ra8 25. a3 Rf8 26. Qh5 h6
27. Nf3 Ref7 28. Rg6 Qf4 29. Rxe6 b6 30. Rg6 Ne7 31. Rg4 Qf6 32. Nh4 g5 33.
Nf3 Ng6 34. Qxh6 Rg7 35. Qxg5 Qe6 36. Nh4 Rf6 37. Nf5 Rh7 38. f4 Kf7 39.
fxe5 Qxe5 40. h3 Qc5+ 41. d4 Qc6 42. Nh6+ Ke8 43. Qxf6 Rh8 44. Qxg6+ Kd8 45.
Qf6+ Kc8 46. Qxh8+ Kb7 47. Rf8 Qb5 {Black resigns} 1-0

[Event "ICC tourney 2028 (45 10)"]
[Site "Internet Chess Club"]
[Date "2020.10.03"]
[Round "3"]
[White "BobbyFissure"]
[Black "cozyblanket"]
[Result "0-1"]
[ICCResult "White resigns"]
[WhiteElo "1459"]
[BlackElo "1420"]
[Opening "Owen defense"]
[ECO "B00"]
[NIC "VO.01"]
[Time "16:02:03"]
[TimeControl "2700+10"]

1. e4 b6 2. d4 Bb7 3. Nc3 e6 4. a3 c5 5. d5 exd5 6. exd5 Qe7+ 7. Qe2 Qxe2+
8. Bxe2 Nf6 9. Bf3 d6 10. Nh3 Nbd7 11. Bf4 O-O-O 12. O-O-O h6 13. Nb5 Kb8
14. Bxd6+ Bxd6 15. Nxd6 Ne5 16. Nxb7 Kxb7 17. c4 Nxc4 18. d6+ Kc8 19. d7+
Rxd7 20. Rxd7 Kxd7 21. Rd1+ Kc7 22. Nf4 Ne5 23. Nd5+ Nxd5 24. Rxd5 Nxf3 25.
gxf3 Re8 26. Kd2 Rd8 27. Rxd8 Kxd8 28. Kd3 Kd7 29. Kc4 a6 30. Kd5 g5 31. a4
f5 32. a5 bxa5 33. Kxc5 Kc7 34. f4 gxf4 35. f3 h5 36. b3 h4 37. Kd5 Kb6 38.
Kc4 Kc6 39. h3 Kb6 40. Kd4 Kb5 41. Kc3 a4 42. bxa4+ Kxa4 43. Kb2 Kb4 44. Kc2
a5 45. Kd3 a4 46. Kd4 a3 47. Ke5 a2 48. Kxf4 a1=Q 49. Kxf5 Qb1+ 50. Kg4 Qd1
51. Kf4 Qg1 52. Ke4 Kc5 53. f4 Kd6 54. f5 Ke7 55. Ke5 Kf7 56. Kf4 Kf6 57.
Kf3 Qg5 {White resigns} 0-1

[Event "ICC tourney 2028 (45 10)"]
[Site "Internet Chess Club"]
[Date "2020.10.03"]
[Round "3"]
[White "tightfist"]
[Black "mutantpenguin"]
[Result "0-1"]
[ICCResult "White checkmated"]
[WhiteElo "1543"]
[BlackElo "1371"]
[Opening "French defense"]
[ECO "A00"]
[NIC "VO.15"]
[Time "16:02:04"]
[TimeControl "2700+10"]

1. Nc3 e6 2. e4 d5 3. exd5 exd5 4. d4 Nf6 5. a3 Bd6 6. Nf3 O-O 7. Be2 c6 8.
Bg5 Nbd7 9. O-O h6 10. Be3 Re8 11. h3 Nb6 12. Re1 Be6 13. Bd3 Rc8 14. Rc1
Qd7 15. b4 a6 16. Ne2 Na4 17. Rb1 b5 18. Rb3 Ne4 19. Bxe4 dxe4 20. Ne5 Bxe5
21. dxe5 Qxd1 22. Rxd1 Bxb3 23. cxb3 Nb2 24. Rd4 Nd3 25. Rxe4 Nxe5 26. Rd4
Rcd8 27. Rxd8 Rxd8 28. Nd4 Rc8 29. Nf5 Kh7 30. Nd6 Rd8 31. Nb7 Rd1+ 32. Kh2
Ra1 33. Bd4 Re1 34. Nc5 f6 35. Nxa6 Rd1 36. Be3 Ra1 37. a4 bxa4 38. bxa4
Rxa4 39. Nc5 Rxb4 40. Ne6 Kg6 41. Nd8 Rc4 42. Ne6 Kf7 43. Nf4 g5 44. Ne2 f5
45. f4 Re4 46. fxe5 Rxe3 47. Nd4 c5 48. Nxf5 Rxe5 49. Nxh6+ Kg6 50. Ng4 Re4
51. Kg3 c4 52. Kf3 Re8 53. Ne3 Rc8 54. Nd5 c3 55. Ne3 c2 56. Nxc2 Rxc2 57.
g4 Rc4 58. Kg3 Kf6 59. h4 gxh4+ 60. Kxh4 Kg6 61. Kg3 Kg5 62. Kf3 Rxg4 63.
Ke3 Rf4 64. Kd3 Kf5 65. Ke3 Ke5 66. Kd3 Re4 67. Kc3 Rd4 68. Kb3 Kd5 69. Kc3
Kc5 70. Kb3 Rc4 71. Kb2 Kb4 72. Ka2 Rc2+ 73. Kb1 Kb3 74. Ka1 Rc1#
{White checkmated}
0-1

[Event "ICC tourney 2028 (45 10)"]
[Site "Internet Chess Club"]
[Date "2020.10.03"]
[Round "3"]
[White "VirginiaGuy"]
[Black "jacobsperber"]
[Result "1-0"]
[ICCResult "Black resigns"]
[WhiteElo "1383"]
[BlackElo "1190"]
[Opening "Queen's pawn game"]
[ECO "A46"]
[NIC "QP.06"]
[Time "16:02:00"]
[TimeControl "2700+10"]

1. d4 Nf6 2. Nf3 d6 3. Bg5 Nbd7 4. e3 g6 5. Be2 Bg7 6. O-O O-O 7. c4 c5 8.
Nc3 cxd4 9. exd4 e6 10. Rc1 b6 11. Nb5 d5 12. cxd5 exd5 13. Nc7 Rb8 14. Nxd5
Bb7 15. Nc3 h6 16. Bf4 Rc8 17. h3 Nb8 18. Qd2 g5 19. Bg3 Re8 20. Rfe1 Ne4
21. Nxe4 Rxc1 22. Rxc1 Bxe4 23. Rc7 Bxf3 24. Bxf3 f5 25. Rc1 f4 26. Bh2 Qxd4
27. Qxd4 Bxd4 28. b3 Bb2 29. Rb1 Nd7 30. Bc6 {Black resigns} 1-0

[Event "ICC tourney 2028 (45 10)"]
[Site "Internet Chess Club"]
[Date "2020.10.03"]
[Round "3"]
[White "miyzhang"]
[Black "GPWKnight"]
[Result "0-1"]
[ICCResult "White checkmated"]
[WhiteElo "1291"]
[BlackElo "1526"]
[Opening "Scandinavian (center counter) defense"]
[ECO "B01"]
[NIC "SD.01"]
[Time "16:02:09"]
[TimeControl "2700+10"]

1. e4 d5 2. exd5 Qxd5 3. Nc3 Qa5 4. d4 Nf6 5. Nf3 c6 6. Bd3 Bg4 7. h3 Bxf3
8. Qxf3 e6 9. Bg5 Qxg5 10. Ne4 Nxe4 11. Bxe4 Bd6 12. h4 Qf4 13. Qd3 h6 14.
Bf3 Qf6 15. O-O-O O-O 16. Kb1 Nd7 17. g4 g6 18. g5 hxg5 19. hxg5 Qe7 20. Be2
Kg7 21. Rdg1 Rh8 22. Qe3 Rxh1 23. Rxh1 Rh8 24. Rd1 a6 25. Qb3 b5 26. Qc3 Nb8
27. d5+ Kg8 28. dxc6 Qc7 29. Qd3 Be7 30. Bf3 Bxg5 31. Rg1 Bf6 32. Rd1 Kg7
33. Be4 Rd8 34. Qe2 Rxd1+ 35. Qxd1 Nxc6 36. Qf3 Nd4 37. Qa3 a5 38. Qe3 Nf5
39. Qd3 b4 40. a3 bxa3 41. Qxa3 Qb6 42. Bd3 Qb4 43. Qa2 Qe1# {White
checkmated} 0-1

[Event "ICC tourney 2028 (45 10)"]
[Site "Internet Chess Club"]
[Date "2020.10.03"]
[Round "3"]
[White "RockyWang"]
[Black "virajphadke"]
[Result "1-0"]
[ICCResult "Black resigns"]
[WhiteElo "752"]
[BlackElo "1385"]
[Opening "Caro-Kann: exchange variation"]
[ECO "B13"]
[NIC "CK.02"]
[Time "16:02:12"]
[TimeControl "2700+10"]

1. e4 c6 2. d4 d5 3. exd5 cxd5 4. Bb5+ Bd7 5. Bxd7+ Nxd7 6. Nc3 e6 7. a3
Ngf6 8. Bg5 Bd6 9. Nf3 h6 10. Bh4 O-O 11. O-O a6 12. Re1 Qc7 13. Bg3 Bxg3
14. fxg3 Rac8 15. Qd3 Rfe8 16. Ne5 Nxe5 17. Rxe5 Nd7 18. Re2 Nb6 19. Rae1
Nc4 20. Nxd5 Qd7 21. Ne3 Nxe3 22. Rxe3 Red8 23. c3 Qc6 24. Qe2 Rd5 25. Re5
Rcd8 26. Qe4 Rxe5 27. Qxe5 Qb6 28. Qe2 Rd5 29. b4 e5 30. Qe4 Rd6 31. Qxe5
Re6 32. Qb8+ Kh7 33. Rxe6 Qxe6 34. Qe5 Qxe5 35. dxe5 Kg6 36. g4 h5 37. gxh5+
Kxh5 38. c4 Kg5 39. Kf2 Kf5 40. Kf3 b6 41. g4+ Kxe5 42. Ke3 g5 43. h3 b5 44.
c5 Kd5 45. c6 Kxc6 46. Ke4 Kb6 47. Kf5 a5 48. Kxg5 axb4 49. axb4 Kc6 50. h4
Kd5 51. h5 Kc4 52. h6 Kxb4 53. h7 Ka3 54. h8=Q b4 55. Qa1+ Kb3 56. Qb1+ Kc3
57. Kf6 b3 58. Kxf7 b2 59. g5 {Black resigns} 1-0

[Event "ICC tourney 2028 (45 10)"]
[Site "Internet Chess Club"]
[Date "2020.10.03"]
[Round "3"]
[White "bsarvagnya"]
[Black "jason54312"]
[Result "0-1"]
[ICCResult "White checkmated"]
[WhiteElo "1104"]
[BlackElo "1553"]
[Opening "Giuoco Piano"]
[ECO "C54"]
[NIC "IG.02"]
[Time "16:02:39"]
[TimeControl "2700+10"]

1. e4 e5 2. Nf3 Nc6 3. Bc4 Bc5 4. c3 Nf6 5. d4 exd4 6. cxd4 Bb4+ 7. Bd2
Bxd2+ 8. Nbxd2 d5 9. exd5 Nxd5 10. O-O O-O 11. h3 Nb6 12. Be2 Nxd4 13. Nxd4
Qxd4 14. Qc2 Be6 15. Rad1 c6 16. Ne4 Qe5 17. Rfe1 Rad8 18. Bd3 h6 19. Nc5
Qc7 20. Rxe6 fxe6 21. Nxe6 Qe7 22. Nxd8 Rxd8 23. Bh7+ Kh8 24. Rxd8+ Qxd8 25.
Be4 Qd6 26. Qd3 Qxd3 27. Bxd3 g5 28. Kh2 Kg7 29. Kg3 Na4 30. b3 Nc3 31. a3
c5 32. Kf3 Kf6 33. Ke3 Ke5 34. g3 Nd5+ 35. Ke2 a6 36. f3 Nc3+ 37. Ke3 Nd5+
38. Ke2 Kd4 39. Kd2 b5 40. g4 Nf4 41. Bf1 c4 42. bxc4 bxc4 43. Kc2 a5 44.
Kd2 c3+ 45. Kc2 Nd5 46. Kb3 a4+ 47. Ka2 Ke3 48. Kb1 Kd2 49. f4 c2+ 50. Ka2
Nc3+ 51. Kb2 c1=Q# {White checkmated} 0-1

[Event "ICC tourney 2028 (45 10)"]
[Site "Internet Chess Club"]
[Date "2020.10.03"]
[Round "3"]
[White "WizardY"]
[Black "javasri"]
[Result "1/2-1/2"]
[ICCResult "Game drawn by mutual agreement"]
[WhiteElo "1439"]
[BlackElo "284"]
[Opening "French: exchange variation"]
[ECO "C01"]
[NIC "FR.01"]
[Time "16:02:09"]
[TimeControl "2700+10"]

1. e4 e6 2. d4 d5 3. exd5 exd5 4. Nf3 Bg4 5. Be2 Nc6 6. O-O Qd7 7. Bf4 f6 8.
h3 Bf5 9. a3 g5 10. Bg3 O-O-O 11. Nc3 h5 12. Nb5 Bd6 13. Nxd6+ cxd6 14. b4
Nh6 15. b5 Ne7 16. a4 h4 17. Bh2 g4 18. Nxh4 gxh3 19. g3 Rdg8 20. Kh1 Ng4
21. Nxf5 Qxf5 22. Bxg4 Rxg4 23. f3 Rg7 24. g4 Qd7 25. Rc1 f5 26. Rg1 fxg4
27. fxg4 Rhg8 28. c4 Rxg4 29. cxd5+ Kd8 30. Rxg4 Rxg4 31. Qf3 Qf5 32. Qxf5
Nxf5 33. Rf1 Ng3+ 34. Bxg3 Rxg3 35. Rf8+ Kc7 36. a5 Ra3 37. Rf7+ Kc8 38.
Rf8+ Kd7 39. Rf7+ Ke8 40. Rxb7 Rxa5 41. Kh2 Kd8 42. Kxh3 Kc8 43. Rh7 Rxb5
44. Rxa7 Rxd5 45. Ra4 Rg5 46. Kh4 Rg1 47. Kh5 Kb7 48. Ra5 Kb6 49. Rg5 Rd1
50. Rg4 Kc6 51. Kh4 Kd5 52. Kh3 Rxd4 53. Rg3 Rf4 54. Rg1 Ke5 55. Kg3 d5 56.
Re1+ Re4 57. Kf2 Rxe1 58. Kxe1 Kf4 59. Kf2 Ke4 60. Ke2 Kd4 61. Kd2 Kc4 62.
Kc2 {Game drawn by mutual agreement} 1/2-1/2

[Event "ICC tourney 2028 (45 10)"]
[Site "Internet Chess Club"]
[Date "2020.10.03"]
[Round "3"]
[White "Deng16"]
[Black "Abhinac123"]
[Result "0-1"]
[ICCResult "White checkmated"]
[WhiteElo "1289"]
[BlackElo "1458"]
[Opening "Ruy Lopez: closed defense"]
[ECO "C84"]
[NIC "RL.13"]
[Time "16:02:02"]
[TimeControl "2700+10"]

1. e4 e5 2. Nf3 Nc6 3. Bb5 a6 4. Ba4 Nf6 5. O-O Be7 6. c3 b5 7. Bc2 d6 8. h3
O-O 9. d4 Bb7 10. Re1 Re8 11. Bg5 h6 12. Bh4 Nh7 13. Bg3 Bf6 14. Qd3 Ng5 15.
Nbd2 Nb8 16. Nxg5 Bxg5 17. Nf3 Nd7 18. b4 c6 19. a4 Bf6 20. Bb3 Nb6 21. a5
Nd7 22. Rac1 Rc8 23. c4 exd4 24. Nxd4 Ne5 25. Qe3 bxc4 26. Bxc4 Nxc4 27.
Rxc4 d5 28. Rcc1 Rxe4 29. Nxc6 Rxc6 30. Qd2 Rxe1+ 31. Qxe1 Rxc1 32. Qxc1 d4
33. Bf4 d3 34. Bd2 Bg5 35. Qd1 Bxd2 36. Qxd2 Qg5 37. Qxg5 hxg5 38. Kf1 Kf8
39. Ke1 Bxg2 40. Kd2 Ke7 41. Kxd3 Kd6 42. Kd4 Bxh3 43. Kc4 Kc6 44. b5+ axb5+
45. Kb4 Bc8 46. a6 Bxa6 47. Ka5 Kc5 48. Kxa6 b4 49. Ka5 b3 50. Ka4 b2 51.
Ka5 b1=Q 52. Ka4 Qb4# {White checkmated} 0-1

[Event "ICC tourney 2028 (45 10)"]
[Site "Internet Chess Club"]
[Date "2020.10.03"]
[Round "4"]
[White "andrewj508"]
[Black "chaselea"]
[Result "1-0"]
[ICCResult "Black resigns"]
[WhiteElo "1179"]
[BlackElo "671"]
[Opening "Scotch game"]
[ECO "C45"]
[NIC "SO.04"]
[Time "18:32:19"]
[TimeControl "2700+10"]

1. e4 e5 2. Nf3 Nc6 3. d4 exd4 4. Nxd4 d6 5. Nxc6 bxc6 6. Nc3 Be7 7. Be3 Nf6
8. Bc4 O-O 9. O-O a6 10. f3 Be6 11. Bxe6 fxe6 12. Ne2 Rb8 13. Qc1 d5 14. Nd4
Qd7 15. e5 Ne8 16. f4 Bc5 17. Nb3 Bxe3+ 18. Qxe3 Rb4 19. Nc5 Qc8 20. Qa3
Rbxf4 21. Rxf4 Rxf4 22. Rf1 Rxf1+ 23. Kxf1 g6 24. Qxa6 Qxa6+ 25. Nxa6 Kg7
26. Nc5 Kf7 27. Ke2 Ng7 28. g4 h5 29. h3 hxg4 30. hxg4 g5 31. a4 Ke7 32. a5
Kd8 33. a6 Kc8 34. a7 {Black resigns} 1-0

[Event "ICC tourney 2028 (45 10)"]
[Site "Internet Chess Club"]
[Date "2020.10.03"]
[Round "4"]
[White "oxdidi"]
[Black "jeffreyt1"]
[Result "1-0"]
[ICCResult "Black checkmated"]
[WhiteElo "1077"]
[BlackElo "1208"]
[Opening "Sicilian"]
[ECO "B50"]
[NIC "SI.01"]
[Time "18:32:19"]
[TimeControl "2700+10"]

1. e4 c5 2. Nf3 d6 3. Bc4 Nc6 4. O-O Nf6 5. d3 e6 6. Bg5 Be7 7. Nc3 a6 8. a3
b5 9. Ba2 Bb7 10. Re1 Qc7 11. Qd2 Rc8 12. h3 O-O 13. Ne2 Rfd8 14. Ng3 Ne5
15. Qe3 d5 16. c3 Nxf3+ 17. Qxf3 dxe4 18. dxe4 Rd2 19. Bxd2 Bd6 20. Qe3 Bxg3
21. Qxg3 Qxg3 22. fxg3 Nxe4 23. Bf4 c4 24. Bb1 Nc5 25. Bc2 Bd5 26. Rad1 h6
27. Bc7 Rxc7 28. Rxd5 exd5 29. Re8# {Black checkmated} 1-0

[Event "ICC tourney 2028 (45 10)"]
[Site "Internet Chess Club"]
[Date "2020.10.03"]
[Round "4"]
[White "chestnut01"]
[Black "srinandasai12"]
[Result "0-1"]
[ICCResult "White resigns"]
[WhiteElo "1005"]
[BlackElo "1244"]
[Opening "Sicilian: dragon, classical attack"]
[ECO "B73"]
[NIC "SI.16"]
[Time "18:32:16"]
[TimeControl "2700+10"]

1. e4 c5 2. Nf3 d6 3. d4 cxd4 4. Nxd4 Nf6 5. Nc3 g6 6. Be3 Bg7 7. Be2 O-O 8.
O-O Nc6 9. f3 Bd7 10. Bb5 a6 11. Ba4 b5 12. Bb3 Na5 13. Nd5 Nxb3 14. cxb3
Nxd5 15. exd5 Qc7 16. Rc1 Qb7 17. Qd2 Rfc8 18. Bh6 Bxh6 19. Qxh6 Qxd5 20.
Qf4 e5 21. Rxc8+ Rxc8 22. Qg5 Qxd4+ 23. Kh1 Qf4 24. Qxf4 exf4 25. Rd1 Be6
26. h3 d5 27. Rd4 Rc2 28. Rxf4 Rxb2 29. Rd4 Rxa2 30. Rd3 Rb2 31. Rc3 Kg7 32.
Kg1 Kf6 33. Kf1 Ke5 34. Ke1 Kd4 35. Rc6 Rxb3 36. Rxa6 Ke3 37. Ra1 Rb2 38.
Kf1 Bf5 39. Re1+ Kd4 40. Rd1+ Kc5 41. Rc1+ Rc2 42. Re1 b4 {White resigns}
0-1

[Event "ICC tourney 2028 (45 10)"]
[Site "Internet Chess Club"]
[Date "2020.10.03"]
[Round "4"]
[White "Kfprasanna"]
[Black "jacobsperber"]
[Result "0-1"]
[ICCResult "White resigns"]
[WhiteElo "1321"]
[BlackElo "1213"]
[Opening "Sicilian: Canal-Sokolsky (Nimzovich-Rossolimo, Moscow) attack"]
[ECO "B51"]
[NIC "SI.01"]
[Time "18:32:36"]
[TimeControl "2700+10"]

1. e4 c5 2. Nf3 d6 3. Bb5+ Nc6 4. d4 cxd4 5. Nxd4 Bd7 6. Nxc6 bxc6 7. Bd3 e5
8. Nc3 Nf6 9. Be3 Be7 10. Qf3 O-O 11. O-O Qc8 12. Qg3 Nh5 13. Qf3 Bg4 14.
Qg3 Nxg3 15. fxg3 Be6 {White resigns} 0-1

[Event "ICC tourney 2028 (45 10)"]
[Site "Internet Chess Club"]
[Date "2020.10.03"]
[Round "4"]
[White "bgl2011"]
[Black "johnzabraham"]
[Result "1-0"]
[ICCResult "Black resigns"]
[WhiteElo "1421"]
[BlackElo "952"]
[Opening "French: Winawer, advance, 5.a3"]
[ECO "C17"]
[NIC "FR.10"]
[Time "18:32:30"]
[TimeControl "2700+10"]

1. e4 e6 2. d4 d5 3. Nc3 Bb4 4. e5 c5 5. a3 cxd4 6. Qxd4 Nc6 7. Qd3 Bxc3+ 8.
Qxc3 d4 9. Qg3 g6 10. Bd3 Qa5+ 11. Bd2 Qxe5+ 12. Qxe5 Nxe5 13. Ne2 Nxd3+ 14.
cxd3 e5 15. f4 f6 16. fxe5 fxe5 17. O-O Ne7 18. Ng3 Nf5 19. Ne4 O-O 20. Rac1
Be6 21. Rc7 Bd5 22. g4 Bxe4 23. dxe4 Nh4 24. Rxf8+ Rxf8 25. Bh6 Rd8 26. Kf2
d3 27. Rc1 d2 28. Rd1 Rd4 29. Bg5 Rxe4 30. Bxh4 Rxg4 31. Bg3 Rd4 32. Ke3 Rd5
33. Rxd2 Rxd2 34. Kxd2 Kf7 35. Bxe5 Ke6 36. Bg3 Kf5 37. Ke3 Kg4 38. b4 b5
39. Kd4 h5 40. Kc5 h4 41. Bd6 Kh3 42. Kxb5 g5 43. a4 g4 44. Kc6 g3 45. hxg3
hxg3 46. Bxg3 Kxg3 47. b5 Kf4 48. a5 Ke5 49. Kb7 Kd5 50. Kxa7 Kc5 51. b6 Kc6
52. b7 Kc7 53. b8=Q+ Kd7 54. Kb6 {Black resigns} 1-0

[Event "ICC tourney 2028 (45 10)"]
[Site "Internet Chess Club"]
[Date "2020.10.03"]
[Round "4"]
[White "GPWKnight"]
[Black "AJRChess2011"]
[Result "0-1"]
[ICCResult "White resigns"]
[WhiteElo "1501"]
[BlackElo "1315"]
[Opening "Sicilian: Alapin's variation (2.c3)"]
[ECO "B22"]
[NIC "SI.46"]
[Time "18:32:19"]
[TimeControl "2700+10"]

1. e4 c5 2. c3 g6 3. d4 cxd4 4. cxd4 Bg7 5. Nf3 Nc6 6. Nc3 Qa5 7. Be2 d6 8.
h3 Nf6 9. O-O O-O 10. d5 Ne5 11. Nxe5 dxe5 12. Bd2 Qb4 13. b3 Nxe4 14. Nxe4
Qxe4 15. Be3 Qb4 16. Rc1 Rd8 17. Bc5 Qh4 18. Rc4 Qf6 19. Qd2 Be6 20. Bf3
{White resigns}
0-1

[Event "ICC tourney 2028 (45 10)"]
[Site "Internet Chess Club"]
[Date "2020.10.03"]
[Round "4"]
[White "JacobRandom"]
[Black "BobbyFissure"]
[Result "0-1"]
[ICCResult "White resigns"]
[WhiteElo "1224"]
[BlackElo "1461"]
[Opening "Sicilian: dragon variation"]
[ECO "B70"]
[NIC "SI.15"]
[Time "18:32:32"]
[TimeControl "2700+10"]

1. e4 c5 2. Nf3 d6 3. d4 cxd4 4. Nxd4 Nf6 5. Nc3 g6 6. Bg5 Bg7 7. Nf3 Nc6 8.
Bb5 Qa5 9. Bxc6+ bxc6 10. Nd2 Ba6 11. Nb3 Qxg5 12. Qd2 Qxg2 13. O-O-O O-O
14. h4 h5 15. Rhg1 Qh3 16. Qf4 Kh7 17. Rg3 Qe6 18. Rdg1 Bh6 19. Rg5 Bxg5 20.
hxg5 Nd7 21. Rh1 Bc4 22. Nd4 Qe5 23. Qe3 c5 24. Nc6 Qe6 25. Kb1 d5 26. Na5
d4 {White resigns} 0-1

[Event "ICC tourney 2028 (45 10)"]
[Site "Internet Chess Club"]
[Date "2020.10.03"]
[Round "4"]
[White "handsomematch"]
[Black "AAlderete"]
[Result "1-0"]
[ICCResult "Black resigns"]
[WhiteElo "1214"]
[BlackElo "363"]
[Opening "Sicilian: Najdorf, Opocensky variation"]
[ECO "B92"]
[NIC "SI.10"]
[Time "18:32:22"]
[TimeControl "2700+10"]

1. e4 c5 2. Nf3 d6 3. d4 cxd4 4. Nxd4 Nf6 5. Nc3 a6 6. Be2 e5 7. Nb3 Nc6 8.
Be3 Be7 9. O-O b5 10. Qd2 O-O 11. f3 Be6 12. Rad1 Nh5 13. Nd5 Nf6 14. c3
Nxd5 15. exd5 Na5 16. dxe6 Nxb3 17. exf7+ Rxf7 18. axb3 Qd7 19. Qd5 Rf8 20.
Qxe5 dxe5 21. Rxd7 Kh8 22. Rfd1 e4 23. Rxe7 Rxe7 24. Bc5 Ref7 25. Bxf8 Rxf8
26. fxe4 g6 27. Rd6 Ra8 28. Bf3 a5 29. e5 Rb8 30. Ra6 b4 31. cxb4 Rxb4 32.
Rxa5 Rxb3 33. Ra8+ Kg7 34. Rg8+ Kxg8 35. Bd5+ Kf8 36. Bxb3 Ke7 37. Bg8 Kf8
38. Bxh7 Ke7 39. Bxg6 Ke6 40. b4 Kxe5 41. b5 Kd6 42. h4 Kc5 43. h5 Kxb5 44.
h6 {Black resigns} 1-0

[Event "ICC tourney 2028 (45 10)"]
[Site "Internet Chess Club"]
[Date "2020.10.03"]
[Round "4"]
[White "Abhinac123"]
[Black "aakashjr"]
[Result "0-1"]
[ICCResult "White checkmated"]
[WhiteElo "1448"]
[BlackElo "1531"]
[Opening "Queen's gambit declined"]
[ECO "D30"]
[NIC "QP.08"]
[Time "18:32:22"]
[TimeControl "2700+10"]

1. d4 d5 2. c4 e6 3. Nf3 Nf6 4. e3 c5 5. Nc3 Nc6 6. Bd3 Bd7 7. O-O Bd6 8.
Re1 O-O 9. dxc5 Bxc5 10. cxd5 exd5 11. e4 d4 12. Ne2 Bg4 13. Ng3 Bb4 14. Bd2
Bxd2 15. Qxd2 Bxf3 16. gxf3 Ne5 17. f4 Nf3+ 18. Kg2 Nxd2 19. Rad1 Qa5 20.
Re2 Ndxe4 21. Bxe4 Nxe4 22. Nxe4 Rad8 23. Red2 Qd5 24. f3 Qxa2 25. Rxd4 Rxd4
26. Rxd4 Qxb2+ 27. Rd2 Qb4 28. Kg3 f5 29. Re2 fxe4 30. Rxe4 Qxe4 31. fxe4 a5
32. Kf3 a4 33. e5 a3 34. Ke4 a2 35. e6 a1=Q 36. Kd5 Rd8+ 37. Ke4 Qe1+ 38.
Kf5 Rf8+ 39. Kg4 Qg1+ 40. Kh3 Rxf4 41. e7 Qg4# {White checkmated} 0-1

[Event "ICC tourney 2028 (45 10)"]
[Site "Internet Chess Club"]
[Date "2020.10.03"]
[Round "4"]
[White "devmadhavan"]
[Black "AngelaIL203"]
[Result "0-1"]
[ICCResult "White resigns"]
[WhiteElo "1061"]
[BlackElo "1087"]
[Opening "Giuoco Pianissimo: Italian four knights variation"]
[ECO "C46"]
[NIC "KP.06"]
[Time "18:32:30"]
[TimeControl "2700+10"]

1. e4 e5 2. Nf3 Nc6 3. Nc3 Bc5 4. Bc4 Nf6 5. d3 h6 6. Qe2 O-O 7. O-O d6 8.
Be3 Bb6 9. Rfd1 Bg4 10. h3 Bh5 11. Nb5 a6 12. Nc3 Qd7 13. Nd5 Nxd5 14. Bxd5
Nd4 15. Bxd4 Bxd4 16. c3 c6 17. Bb3 Bb6 18. d4 exd4 19. cxd4 d5 20. Qe3 Rfe8
21. Ne5 Rxe5 22. dxe5 Bxe3 23. fxe3 Bxd1 24. Rxd1 Qc7 25. exd5 cxd5 26. Bxd5
Qxe5 27. Bxb7 Qxe3+ 28. Kh2 Re8 29. Bxa6 Qf4+ 30. Kh1 Qg3 31. Bf1 Re1 32.
Rxe1 Qxe1 33. Kg1 Qa1 34. b4 Qd4+ 35. Kh1 Qxb4 36. Kg1 Qb1 37. a4 Qb6+ 38.
Kh2 Qd6+ 39. Kh1 Qd1 40. Kg1 Qxa4 41. Kh2 Qf4+ 42. Kg1 Qc1 43. Kf2 g5 44.
Kg1 f5 45. Kf2 Kg7 46. Kg1 g4 47. hxg4 fxg4 48. Kf2 Qf4+ 49. Kg1 g3 50. Ba6
Qf2+ 51. Kh1 Qe1+ {White resigns} 0-1

[Event "ICC tourney 2028 (45 10)"]
[Site "Internet Chess Club"]
[Date "2020.10.03"]
[Round "4"]
[White "SunnyDays0"]
[Black "miyzhang"]
[Result "0-1"]
[ICCResult "White resigns"]
[WhiteElo "1127"]
[BlackElo "1299"]
[Opening "Queen's pawn, Mason variation, Steinitz counter-gambit"]
[ECO "D00"]
[NIC "QP.08"]
[Time "18:32:13"]
[TimeControl "2700+10"]

1. d4 d5 2. Bf4 c5 3. e3 Nc6 4. Nf3 Nf6 5. c3 Bf5 6. Bd3 Bxd3 7. Qxd3 e6 8.
O-O Be7 9. Nbd2 O-O 10. Ne5 Nxe5 11. Bxe5 Ng4 12. Bf4 Bd6 13. Nf3 Bxf4 14.
exf4 Qc7 15. Ne5 Nxe5 16. fxe5 b6 17. Rfe1 h6 18. Re3 Rac8 19. b3 Qd7 20.
Rg3 Kh8 21. Re1 Rc7 22. Ree3 cxd4 23. Qxd4 b5 24. Qg4 f6 25. Rh3 d4 26. Rd3
Rxc3 27. Rxc3 dxc3 28. Rxc3 Qd2 {White resigns} 0-1

[Event "ICC tourney 2028 (45 10)"]
[Site "Internet Chess Club"]
[Date "2020.10.03"]
[Round "4"]
[White "aryababu25"]
[Black "UltimateDL"]
[Result "0-1"]
[ICCResult "White resigns"]
[WhiteElo "1403"]
[BlackElo "1488"]
[Opening "QGA: 3.e4"]
[ECO "D20"]
[NIC "QG.04"]
[Time "18:32:28"]
[TimeControl "2700+10"]

1. d4 d5 2. c4 dxc4 3. e4 e5 4. Nf3 exd4 5. Nxd4 Bc5 6. Be3 Nc6 7. Nxc6
Qxd1+ 8. Kxd1 Bxe3 9. fxe3 bxc6 10. Bxc4 Nf6 11. Nc3 Ng4 12. Ke2 Ne5 13. Bb3
Ba6+ 14. Kd1 O-O-O+ 15. Kc2 Bd3+ 16. Kc1 Ng4 17. Bxf7 Rd6 18. Nd1 Ne5 19.
Bb3 Rhd8 20. Nc3 c5 21. Nd5 Bxe4 22. Ne7+ Kd7 23. Nd5 Bxd5 24. Bxd5 Rxd5 25.
e4 Rd4 26. Re1 Nd3+ 27. Kd2 Nxe1+ 28. Kxe1 Rxe4+ 29. Kf2 Rf8+ 30. Kg1 Rfe8
31. Rd1+ Kc6 32. h3 Re1+ 33. Rxe1 Rxe1+ 34. Kh2 Re2 35. Kg3 Rxb2 36. Kg4
Rxg2+ 37. Kh4 Rxa2 38. Kh5 Rh2 39. Kh4 g5+ 40. Kxg5 Rxh3 41. Kg4 Re3 42. Kg5
c4 43. Kh6 c3 {White resigns} 0-1